 Dungeon Crawl Stone Soup version 0.28.0-53-g5a82cb258f (webtiles) character file.

Game seed: 15187711043024966116

59 Kilian the Sneak (level 3, -4/28 HPs)
             Began as a Mummy Brigand on Aug 22, 2022.
             Slain by a phantom (8 damage)
             ... on level 2 of the Dungeon.
             The game lasted 00:13:53 (1758 turns).

Kilian the Sneak (Mummy Brigand)                    Turns: 1758, Time: 00:13:53

Health: -4/28      AC:  7    Str: 16    XL:     3   Next: 78%
Magic:  3/3        EV:  9    Int: 10    God:
Gold:   36         SH:  0    Dex: 13    Spells: 2/2 levels left

rFire   x . .      SeeInvis .   p - +0 mace
rCold   + . .      Faith    .   (no shield)
rNeg    + + +      Spirit   .   j - +0 scale mail
rPois   ∞          Reflect  .   (no helmet)
rElec   .          Harm     .   c - +0 cloak
rCorr   .          Rampage  .   (no gloves)
Will    .....                   (no boots)
Stlth   +.........              (no amulet)
HPRegen 0.09/turn               (no ring)
MPRegen 0.08/turn               (no ring)

@: no status effects
A: cold resistance 1, negative energy resistance 3, torment resistance 2, heat
vulnerability 1, no potions
a: no special abilities


You were on level 2 of the Dungeon.
You visited 1 branch of the dungeon, and saw 2 of its levels.

You collected 36 gold pieces.

Inventory:

Hand Weapons
 a - a +2 dagger
 f - a +0 battleaxe
 g - a +0 dagger
 h - a +0 club
 i - a +0 club
 o - a +0 falchion
 p - a +0 mace (weapon)
 q - a +0 club
Missiles
 d - 8 poisoned darts (quivered)
 e - 2 curare-tipped darts
 s - 36 arrows
 t - 16 sling bullets
Armour
 b - a +0 robe
 c - a +0 cloak (worn)
 j - a +0 scale mail (worn)
Jewellery
 l - a +6 ring of intelligence
Scrolls
 n - a scroll of fog {unknown}
 r - a scroll of brand weapon {unknown}
 u - a scroll of amnesia {unknown}
 v - a scroll of teleportation {unknown}
 w - a scroll of identify {unknown}
Potions
 k - a potion of brilliance {unknown}
 m - a potion of heal wounds {unknown}


   Skills:
 + Level 2.3 Fighting
 + Level 1.8 Short Blades
 + Level 0.8 Maces & Flails
 + Level 1.5 Throwing
 + Level 1.1 Armour
 + Level 0.9 Dodging
 + Level 3.9 Stealth


You had 2 spell levels left.
You didn't know any spells.
Your spell library was empty.

Dungeon Overview and Level Annotations

Branches:
Dungeon (2/15)

Altars:


Innate Abilities, Weirdness & Mutations

You are immune to poison.
Your flesh is cold resistant. (rC+)
You are immune to negative energy. (rN+++)
You are immune to unholy pain and torment.
You are vulnerable to heat. (rF-)
You do not drink.


Message History

Here: a phantom The floor.
You sock the phantom!
The phantom is moderately damaged.
The phantom hits you but does no damage.
You miss the phantom.
The phantom is moderately damaged.
The phantom hits you.
The phantom blinks!
You blink.
The phantom closely misses you.
You hit the phantom but do no damage.
The phantom is moderately damaged.
The phantom hits you.
You barely miss the phantom.
The phantom is moderately damaged.
The phantom barely misses you. The phantom hits you.
The phantom blinks!
You blink.
You closely miss the phantom.
The phantom is moderately damaged.
The phantom hits you but does no damage.
You miss the phantom.
The phantom is moderately damaged.
The phantom hits you but does no damage.
You hit the phantom.
The phantom is moderately damaged.
The phantom hits you.
The phantom blinks!
You blink.
The phantom hits you.
You hit the phantom but do no damage.
The phantom is moderately damaged.
The phantom hits you but does no damage.
You hit the phantom.
The phantom is heavily damaged.
The phantom hits you.
You closely miss the phantom.
The phantom is heavily damaged.
The phantom hits you.
You miss the phantom.
The phantom is heavily damaged.
The phantom hits you.
* * * LOW HITPOINT WARNING * * *
The phantom hits you!
You die...

......§...# ....#####.#
# ###.### #.....#
#.#.#.# #.#.#.# #.#.#.#
#.#W#.# #.@...# #
###.### # #.# # #.# #
##.# # #..# # ## ##
#.## # .## #.# #.#
############ ####.##
#.#####.####..........#


You could see a phantom.

Vanquished Creatures
  2 adders (D:2)
  A worm (D:2)
  A dart slug (D:1)
  6 bats (D:1)
  An endoplasm (D:1)
  5 goblins (D:1)
  4 hobgoblins
  5 jackals (D:1)
  A quokka (D:2)
  4 ball pythons
  3 frilled lizards (D:1)
  A rat (D:1)
34 creatures vanquished.

Vanquished Creatures (others)
  A plant (D:1)
1 creature vanquished.

Grand Total: 35 creatures vanquished

Notes
Turn   | Place    | Note
-------+----------+-------------------------------------------
     0 | D:1      | Kilian the Mummy Brigand began the quest for the Orb.
     0 | D:1      | Reached XP level 1. HP: 16/16 MP: 1/1
   184 | D:1      | Reached XP level 2. HP: 13/22 MP: 2/2
  1074 | D:1      | Reached XP level 3. HP: 27/27 MP: 3/3
  1389 | D:2      | Reached skill level 1 in Armour
  1744 | D:2      | Noticed a phantom
  1758 | D:2      | Slain by a phantom

Illustrated notes

Levels and vault maps discovered:
D:1:      lightli_arrival_statuegarden, layout_basic
D:2:      layout_loops_cross, uniq_crazy_yiuf_cottage

Skill      XL: |  1  2  3 |
---------------+----------+-----
Armour         | 1 |  1.1
Fighting       | |  2.3
Short Blades   | |  1.8
Maces & Flails | |  0.8
Throwing       | |  1.5
Dodging        | |  0.9
Stealth        | |  3.9

Action                   || total
-------------------------++-------
Melee: Dagger            ||    50
       Mace              ||    97
       Punch             ||     2
Armor: Robe              ||     4
       Scale mail        ||    79
Dodge: Dodged            ||   109
